Rangers vs Capitals

Created - 30 janvier 2021 at 22:57

Goals
1 2 3 OT1 T
Rangers 1 1 0 1 3
Capitals 1 0 1 0 2
Shots
1 2 3 OT1 T
Rangers 14 14 17 2 47
Capitals 9 15 7 3 34

1st period

1. Rangers , Ryan McDonagh 8 (Cam Atkinson 20, Connor McDavid 48) at 9:29 (PP)
2. Capitals , Wayne Simmonds 9 (Kevin Labanc 11, Brennan Menell 2) at 12:45

Penalties :
Nick Leddy (NYR) for Hooking (Minor) at 0:04, Bobby Ryan (WSH) for Tripping (Minor) at 8:12, Riley Stillman (WSH) for Interference (Minor) at 9:53, Alexander Radulov (NYR) for Tripping (Minor) at 18:12

2nd period

3. Rangers , Zach Hyman 20 (Connor McDavid 49, Alexander Radulov 23) at 8:13

Penalties :
Andrew Ladd (NYR) for High sticking (Minor) at 5:53

3rd period

4. Capitals , Jason Dickinson 9 (Mikael Granlund 17, Kris Russell 11) at 13:42

Penalties :
Andrew Ladd (NYR) for High sticking (Minor) at 2:26, Jason Dickinson (WSH) for Slashing (Minor) at 15:51, Brennan Menell (WSH) for Roughing (Minor) at 18:03

Overtime #1

5. Rangers , Zach Hyman 21 (Cam Atkinson 21, Nick Leddy 30) at 4:16

Penalties :
No Penalty

Goalie Stats

Andrei Vasilevskiy (NYR), 32 saves from 34 shots - (0,941), W, 24-8-3, 64:17 minutes
Pekka Rinne (WSH), 44 saves from 47 shots - (0,936), OTL, 9-21-9, 64:17 minutes

Players Stats for Rangers

Player Name              G  A  P  +/- PIM S  H  SB GA TA FO     MP     PP MP  PK MP  
------------------------------------------------------------------------------------
Alexander Radulov        0  1  1   0  2   2  4  0  0  0  0/1    22:45   3:21   0:00 
Andrew Ladd              0  0  0   0  4   2  2  0  0  0  2/3    16:34   3:04   0:00 
Brandon Pirri            0  0  0  -1  0   0  2  0  0  0  4/11    5:47   0:00   0:00 
Cal Clutterbuck          0  0  0   0  0   2  0  0  0  0  1/1    11:58   0:14   3:35 
Cam Atkinson             0  2  2   1  0   4  0  1  0  0  0/0    17:45   2:50   0:00 
Connor McDavid           0  2  2   0  0   5  2  0  0  0  21/34  23:14   3:35   0:00 
David Savard             0  0  0   0  0   2  1  1  0  0  0/0    18:48   0:00   4:11 
Devin Shore              0  0  0  -1  0   1  0  0  0  0  0/0     6:24   0:37   0:00 
Dmitry Kulikov           0  0  0   0  0   2  1  0  0  0  0/0    14:19   0:00   1:08 
Erik Cernak              0  0  0   0  0   1  1  1  0  0  0/0    12:59   0:42   0:00 
Matt Niskanen            0  0  0  -1  0   1  5  0  0  0  0/0    27:09   3:25   3:45 
Milan Lucic              0  0  0  -1  0   2  3  0  0  0  0/0     5:47   0:00   0:00 
Nick Bonino              0  0  0   0  0   0  0  0  0  0  15/22  13:21   0:00   4:18 
Nick Leddy               0  1  1   0  2   4  2  0  0  0  0/0    25:26   3:25   2:37 
Noel Acciari             0  0  0   0  0   6  0  0  0  0  1/1    16:09   3:44   4:16 
Ryan McDonagh            1  0  1   0  0   4  3  1  0  0  0/0    22:34   3:46   4:11 
Vincent Trocheck         0  0  0   0  0   3  3  0  0  0  17/32  22:29   3:36   3:38 
Zach Hyman               2  0  2   1  0   6  1  1  0  0  0/0    21:26   3:36   0:05 

Players Stats for Capitals

Player Name              G  A  P  +/- PIM S  H  SB GA TA FO     MP     PP MP  PK MP  
------------------------------------------------------------------------------------
Bobby Ryan               0  0  0  -1  2   2  4  0  0  0  0/0    13:14   0:00   0:00 
Brandon Montour          0  0  0  -1  0   2  1  1  0  0  0/0    26:46   4:07   4:15 
Brennan Menell           0  1  1   0  2   0  1  0  0  0  0/0    13:59   0:00   0:52 
Brett Kulak              0  0  0   0  0   0  1  1  0  0  0/0    13:08   0:00   0:00 
Casey Mittelstadt        0  0  0  -1  0   2  0  0  0  0  8/17   13:12   0:00   1:03 
Chandler Stephenson      0  0  0  -1  0   3  1  2  0  0  0/1    12:12   0:00   0:03 
Christian Fischer        0  0  0   0  0   0  0  0  0  0  0/0     0:00   0:00   0:00 
David Kampf              0  0  0   1  0   4  0  0  0  0  15/31  20:20   3:36   0:18 
Jason Dickinson          1  0  1   1  2   1  2  0  0  0  3/6    21:35   4:20   1:47 
Josh Anderson            0  0  0   0  0   0  3  0  0  0  0/0     3:28   0:00   0:00 
Kevin Labanc             0  1  1   1  0   3  1  0  0  0  0/1    18:48   3:36   0:00 
Kris Russell             0  1  1   1  0   2  2  1  0  0  0/0    22:58   3:49   2:59 
Michael Del Zotto        0  0  0   0  0   2  4  3  0  0  0/0    26:36   4:07   4:15 
Mikael Granlund          0  1  1   0  0   1  0  0  0  0  13/31  24:25   4:20   4:18 
Reilly Smith             0  0  0   0  0   5  1  0  0  0  4/12   27:51   4:20   4:24 
Riley Stillman           0  0  0   1  2   2  2  0  0  0  0/0    20:51   3:49   2:07 
Vinnie Hinostroza        0  0  0   0  0   0  0  0  0  0  0/3     3:28   0:00   0:00 
Wayne Simmonds           1  0  1   1  0   5  2  0  0  0  1/3    22:45   3:36   2:32 

3 Stars

1 - Zach Hyman (NYR)
2 - Pekka Rinne (WSH)
3 - Ryan McDonagh (NYR)

Power Play

Rangers - 1 on 4 Attempt(s) - 25,00%
Capitals - 0 on 4 Attempt(s) - 0,00%

Penalty Kill

Rangers - 4 on 4 Attempt(s) - 100,00% - Score 0 goal in Penalty Kill
Capitals - 3 on 4 Attempt(s) - 75,00% - Score 0 goal in Penalty Kill

Team Stat

Rangers - Hits : 30 - Faceoff Wins : 61 - Blocked Shots : 5 - Penalty Minutes : 8
Capitals - Hits : 25 - Faceoff Wins : 44 - Blocked Shots : 8 - Penalty Minutes : 8

Official

Referees : Brian Pochmara and Ghislain Hebert
Linesman : Neil Campbell and Jeff Walker

Game Notes

No Game Note

Finance

Level 1 -- Attendance: 2885 (44,38%) -- Ticket Income 721 250 $
Level 2 -- Attendance: 1860 (37,20%) -- Ticket Income 372 000 $
Level 3 -- Attendance: 1166 (33,31%) -- Ticket Income 204 050 $
Level 4 -- Attendance: 743 (29,65%) -- Ticket Income 111 450 $
Luxury Box -- Attendance: 531 (53,10%) -- Ticket Income 212 400 $
Game was played at the Verizon Center.
Total Attendance: 7185 (38,83%)
Total Ticket Income: 1 621 150 $
Other Income: 794 364 $
Total Income: 2 415 514 $

% Time on Ice - Rangers

Lines # - Real PCT - Wanted PCT - Time Play
Normal Forward
1 - 39% - 43% - 17:25
2 - 30% - 33% - 13:32
3 - 18% - 15% - 8:09
4 - 13% - 9% - 5:47
Normal Defense
1 - 40% - 44% - 17:59
2 - 33% - 33% - 14:37
3 - 27% - 23% - 12:17
4 - 0% - 0% - 0:00
PP Forward
1 - 50% - 53% - 3:35
2 - 50% - 47% - 3:36
PP Defense
1 - 48% - 53% - 3:25
2 - 52% - 47% - 3:46
PK Forward
1 - 54% - 55% - 4:18
2 - 46% - 45% - 3:38
PK Defense
1 - 47% - 55% - 3:45
2 - 53% - 45% - 4:11
PK3 Forward
1 - 0% - 55%
2 - 0% - 45%
PK3 Defense
1 - 0% - 55%
2 - 0% - 45%
44 Forward
1 - 100% - 55% - 0:03
2 - 0% - 45% - 0:00
44 Defense
1 - 100% - 55% - 0:03
2 - 0% - 45% - 0:00
Last Minute Offensive  - 0:00
Last Minute Defensive  - 0:00
Total
Forward - 60:03
Defense - 60:03

% Time on Ice - Capitals

Lines # - Real PCT - Wanted PCT - Time Play
Normal Forward
1 - 31% - 40% - 14:04
2 - 34% - 30% - 15:12
3 - 27% - 20% - 12:09
4 - 8% - 10% - 3:28
Normal Defense
1 - 37% - 40% - 16:49
2 - 33% - 30% - 14:56
3 - 29% - 20% - 13:08
4 - 0% - 10% - 0:00
PP Forward
1 - 55% - 60% - 4:20
2 - 45% - 40% - 3:36
PP Defense
1 - 52% - 60% - 4:07
2 - 48% - 40% - 3:49
PK Forward
1 - 65% - 60% - 4:39
2 - 35% - 40% - 2:32
PK Defense
1 - 58% - 60% - 4:12
2 - 42% - 40% - 2:59
PK3 Forward
1 - 100% - 60% - 0:03
2 - 0% - 40% - 0:00
PK3 Defense
1 - 100% - 60% - 0:03
2 - 0% - 40% - 0:00
44 Forward
1 - 0% - 60%
2 - 0% - 40%
44 Defense
1 - 0% - 60%
2 - 0% - 40%
Last Minute Offensive  - 0:00
Last Minute Defensive  - 0:00
Total
Forward - 60:03
Defense - 60:03

Play-by-Play

1st period


0:01 of 1st period - Jason Dickinson wins face-off versus Connor McDavid in neutral zone.
0:01 of 1st period - Jason Dickinson is hit by Zach Hyman.
0:04 of 1st period - Minor Penalty to Nick Leddy for Hooking.
0:05 of 1st period - Mikael Granlund wins face-off versus Nick Bonino in Rangers zone.
0:26 of 1st period - Icing by Brandon Montour.
0:27 of 1st period - Nick Bonino wins face-off versus Jason Dickinson in Capitals zone.
0:35 of 1st period - Icing by Brandon Montour.
0:36 of 1st period - Mikael Granlund wins face-off versus Vincent Trocheck in Capitals zone.
0:54 of 1st period - Shot by Michael Del Zotto.
0:54 of 1st period - Shot Misses the Net.
1:50 of 1st period - Icing by Riley Stillman.
1:51 of 1st period - Nick Bonino wins face-off versus Kevin Labanc in Capitals zone.
2:35 of 1st period - Shot by Bobby Ryan.
2:35 of 1st period - Stopped by Andrei Vasilevskiy without a rebound.
2:36 of 1st period - Mikael Granlund wins face-off versus Vincent Trocheck in Rangers zone.
2:36 of 1st period - Mikael Granlund is hit by Ryan McDonagh.
2:47 of 1st period - Shot by Mikael Granlund.
2:47 of 1st period - Shot Misses the Net.
2:49 of 1st period - Shot by Jason Dickinson.
2:49 of 1st period - Shot Misses the Net.
2:51 of 1st period - Shot by Brandon Montour.
2:51 of 1st period - Stopped by Andrei Vasilevskiy without a rebound.
2:52 of 1st period - Nick Bonino wins face-off versus Vinnie Hinostroza in Rangers zone.
2:52 of 1st period - Nick Bonino is hit by Josh Anderson.
2:55 of 1st period - Dmitry Kulikov is hit by Josh Anderson and loses puck.
3:15 of 1st period - Off-side.
3:16 of 1st period - David Kampf wins face-off versus Vincent Trocheck in neutral zone.
3:19 of 1st period - Shot by Kevin Labanc.
3:19 of 1st period - Stopped by Andrei Vasilevskiy without a rebound.
3:20 of 1st period - Connor McDavid wins face-off versus David Kampf in Rangers zone.
3:20 of 1st period - Connor McDavid is hit by Wayne Simmonds.
3:51 of 1st period - Shot by David Kampf.
3:51 of 1st period - Shot Blocked by Zach Hyman.
3:56 of 1st period - Off-side.
3:57 of 1st period - Vincent Trocheck wins face-off versus Mikael Granlund in neutral zone.
3:59 of 1st period - Cam Atkinson is hit by Brandon Montour and loses puck.
4:24 of 1st period - Shot by Cam Atkinson.
4:24 of 1st period - Shot Misses the Net.
5:11 of 1st period - Icing by Ryan McDonagh.
5:12 of 1st period - David Kampf wins face-off versus Vincent Trocheck in Rangers zone.
5:12 of 1st period - Wayne Simmonds is hit by Ryan McDonagh.
5:20 of 1st period - Kris Russell is hit by Vincent Trocheck and loses puck.
5:34 of 1st period - Icing by Riley Stillman.
5:35 of 1st period - Wayne Simmonds wins face-off versus Connor McDavid in Capitals zone.
5:35 of 1st period - Wayne Simmonds is hit by Alexander Radulov.
5:42 of 1st period - Wayne Simmonds is hit by Nick Leddy and loses puck.
6:09 of 1st period - Shot by Zach Hyman.
6:09 of 1st period - Stopped by Pekka Rinne without a rebound.
6:10 of 1st period - Mikael Granlund wins face-off versus Brandon Pirri in Capitals zone.
6:10 of 1st period - Mikael Granlund is hit by Brandon Pirri.
6:16 of 1st period - Shot by Jason Dickinson.
6:16 of 1st period - Deflect By Reilly Smith.
6:16 of 1st period - Stopped by Andrei Vasilevskiy without a rebound.
6:17 of 1st period - Nick Bonino wins face-off versus Mikael Granlund in Rangers zone.
6:53 of 1st period - Shot by Nick Bonino.
6:53 of 1st period - Shot Misses the Net.
6:55 of 1st period - Shot by Cal Clutterbuck.
6:55 of 1st period - Shot Misses the Net.
7:23 of 1st period - Shot by Alexander Radulov.
7:23 of 1st period - Stopped by Pekka Rinne without a rebound.
7:24 of 1st period - David Kampf wins face-off versus Brandon Pirri in Capitals zone.
7:24 of 1st period - Kevin Labanc is hit by Milan Lucic and loses puck.
7:28 of 1st period - Riley Stillman is hit by Brandon Pirri and loses puck.
7:33 of 1st period - Shot by Kevin Labanc.
7:33 of 1st period - Deflect By David Kampf.
7:33 of 1st period - Shot Misses the Net.
7:35 of 1st period - Shot by Wayne Simmonds.
7:35 of 1st period - Shot Misses the Net.
7:37 of 1st period - Shot by David Kampf.
7:37 of 1st period - Shot Misses the Net.
7:39 of 1st period - Shot by Riley Stillman.
7:39 of 1st period - Stopped by Andrei Vasilevskiy with a rebound.
7:41 of 1st period - Shot by David Kampf.
7:41 of 1st period - Shot Misses the Net.
7:43 of 1st period - Shot by Riley Stillman.
7:43 of 1st period - Shot Misses the Net.
7:45 of 1st period - Shot by David Kampf.
7:45 of 1st period - Shot Misses the Net.
8:01 of 1st period - Shot by David Kampf.
8:01 of 1st period - Shot Misses the Net.
8:12 of 1st period - Minor Penalty to Bobby Ryan for Tripping.
8:13 of 1st period - Connor McDavid wins face-off versus Reilly Smith in Capitals zone.
8:22 of 1st period - Shot by Nick Leddy.
8:22 of 1st period - Stopped by Pekka Rinne without a rebound.
8:23 of 1st period - Vincent Trocheck wins face-off versus Reilly Smith in Capitals zone.
8:29 of 1st period - Shot by Noel Acciari.
8:29 of 1st period - Stopped by Pekka Rinne with a rebound.
8:57 of 1st period - Shot by Nick Leddy.
8:57 of 1st period - Stopped by Pekka Rinne without a rebound.
8:58 of 1st period - Reilly Smith wins face-off versus Connor McDavid in Capitals zone.
9:09 of 1st period - Shot by Mikael Granlund.
9:09 of 1st period - Shot Misses the Net.
9:27 of 1st period - Shot by Cam Atkinson.
9:27 of 1st period - Stopped by Pekka Rinne with a rebound.
9:29 of 1st period - Shot by Ryan McDonagh.
9:29 of 1st period - Goal by Ryan McDonagh - Rangers : 1 - Capitals : 0.
9:30 of 1st period - Brandon Pirri wins face-off versus Casey Mittelstadt in neutral zone.
9:30 of 1st period - Brandon Pirri is hit by Bobby Ryan.
9:36 of 1st period - Shot by Devin Shore.
9:36 of 1st period - Shot Misses the Net.
9:42 of 1st period - Shot by Milan Lucic.
9:42 of 1st period - Shot Blocked by Chandler Stephenson.
9:44 of 1st period - Shot by Erik Cernak.
9:44 of 1st period - Stopped by Pekka Rinne without a rebound.
9:45 of 1st period - Nick Bonino wins face-off versus David Kampf in Capitals zone.
9:53 of 1st period - Minor Penalty to Riley Stillman for Interference.
9:54 of 1st period - Jason Dickinson wins face-off versus Alexander Radulov in Capitals zone.
10:17 of 1st period - Shot by Nick Leddy.
10:17 of 1st period - Stopped by Pekka Rinne without a rebound.
10:18 of 1st period - Reilly Smith wins face-off versus Vincent Trocheck in Capitals zone.
10:41 of 1st period - Shot by Ryan McDonagh.
10:41 of 1st period - Shot Misses the Net.
10:43 of 1st period - Shot by Noel Acciari.
10:43 of 1st period - Shot Misses the Net.
10:45 of 1st period - Shot by Noel Acciari.
10:45 of 1st period - Stopped by Pekka Rinne without a rebound.
10:46 of 1st period - Jason Dickinson wins face-off versus Connor McDavid in Capitals zone.
10:46 of 1st period - Jason Dickinson is hit by Alexander Radulov.
11:06 of 1st period - Shot by Alexander Radulov.
11:06 of 1st period - Shot Misses the Net.
11:08 of 1st period - Shot by Matt Niskanen.
11:08 of 1st period - Deflect By Connor McDavid.
11:08 of 1st period - Stopped by Pekka Rinne without a rebound.
11:09 of 1st period - Vincent Trocheck wins face-off versus Reilly Smith in Capitals zone.
11:24 of 1st period - Shot by Vincent Trocheck.
11:24 of 1st period - Shot Hit the Post.
11:37 of 1st period - Zach Hyman is hit by Michael Del Zotto and loses puck.
12:13 of 1st period - Off-side.
12:14 of 1st period - David Kampf wins face-off versus Connor McDavid in neutral zone.
12:45 of 1st period - Shot by Wayne Simmonds.
12:45 of 1st period - Goal by Wayne Simmonds - Rangers : 1 - Capitals : 1.
12:46 of 1st period - Brandon Pirri wins face-off versus Casey Mittelstadt in neutral zone.
12:53 of 1st period - Shot by Brandon Pirri.
12:53 of 1st period - Shot Blocked by Chandler Stephenson.
12:59 of 1st period - Shot by Nick Leddy.
12:59 of 1st period - Stopped by Pekka Rinne without a rebound.
13:00 of 1st period - Mikael Granlund wins face-off versus Andrew Ladd in Capitals zone.
13:11 of 1st period - Shot by Jason Dickinson.
13:11 of 1st period - Shot Misses the Net.
13:23 of 1st period - Shot by Reilly Smith.
13:23 of 1st period - Shot Blocked by Ryan McDonagh.
14:19 of 1st period - Off-side.
14:20 of 1st period - Connor McDavid wins face-off versus Casey Mittelstadt in neutral zone.
14:49 of 1st period - Shot by Casey Mittelstadt.
14:49 of 1st period - Stopped by Andrei Vasilevskiy without a rebound.
14:50 of 1st period - Mikael Granlund wins face-off versus Nick Bonino in Rangers zone.
14:51 of 1st period - Shot by Reilly Smith.
14:51 of 1st period - Stopped by Andrei Vasilevskiy with a rebound.
15:16 of 1st period - Shot by Matt Niskanen.
15:16 of 1st period - Stopped by Pekka Rinne without a rebound.
15:17 of 1st period - Connor McDavid wins face-off versus David Kampf in Capitals zone.
15:20 of 1st period - Shot by Alexander Radulov.
15:20 of 1st period - Stopped by Pekka Rinne without a rebound.
15:21 of 1st period - David Kampf wins face-off versus Connor McDavid in Capitals zone.
15:55 of 1st period - Shot by Connor McDavid.
15:55 of 1st period - Shot Misses the Net.
16:24 of 1st period - Shot by Reilly Smith.
16:24 of 1st period - Deflect By Mikael Granlund.
16:24 of 1st period - Stopped by Andrei Vasilevskiy without a rebound.
16:25 of 1st period - Vincent Trocheck wins face-off versus Casey Mittelstadt in Rangers zone.
16:30 of 1st period - Vincent Trocheck is hit by Chandler Stephenson and loses puck.
17:27 of 1st period - Nick Bonino is hit by Brennan Menell and loses puck.
18:01 of 1st period - Icing by Jason Dickinson.
18:02 of 1st period - Connor McDavid wins face-off versus Mikael Granlund in Capitals zone.
18:12 of 1st period - Minor Penalty to Alexander Radulov for Tripping.
18:13 of 1st period - Noel Acciari wins face-off versus David Kampf in Rangers zone.
19:39 of 1st period - Icing by Brandon Montour.
19:40 of 1st period - Vincent Trocheck wins face-off versus Mikael Granlund in Capitals zone.
Goals for this period are 1 for Rangers vs 1 for Capitals.
Shots for this period are 14 for Rangers vs 9 for Capitals.

2nd period


0:01 of 2nd period - Nick Bonino wins face-off versus Mikael Granlund in neutral zone.
0:17 of 2nd period - Icing by Matt Niskanen.
0:18 of 2nd period - David Kampf wins face-off versus Connor McDavid in Rangers zone.
0:47 of 2nd period - Shot by Kevin Labanc.
0:47 of 2nd period - Stopped by Andrei Vasilevskiy without a rebound.
0:48 of 2nd period - Vincent Trocheck wins face-off versus Mikael Granlund in Rangers zone.
1:02 of 2nd period - Icing by Reilly Smith.
1:03 of 2nd period - Nick Bonino wins face-off versus Mikael Granlund in Capitals zone.
1:05 of 2nd period - Noel Acciari is hit by Kris Russell and loses puck.
1:09 of 2nd period - Icing by Kris Russell.
1:10 of 2nd period - Connor McDavid wins face-off versus Mikael Granlund in Capitals zone.
1:28 of 2nd period - Icing by Jason Dickinson.
1:29 of 2nd period - Vincent Trocheck wins face-off versus Mikael Granlund in Capitals zone.
1:39 of 2nd period - Cam Atkinson is hit by Kris Russell and loses puck.
1:50 of 2nd period - Shot by Jason Dickinson.
1:50 of 2nd period - Shot Misses the Net.
2:06 of 2nd period - Shot by Vincent Trocheck.
2:06 of 2nd period - Shot Misses the Net.
2:08 of 2nd period - Shot by Ryan McDonagh.
2:08 of 2nd period - Deflect By Vincent Trocheck.
2:08 of 2nd period - Stopped by Pekka Rinne without a rebound.
2:09 of 2nd period - Connor McDavid wins face-off versus David Kampf in Capitals zone.
2:20 of 2nd period - Shot by Zach Hyman.
2:20 of 2nd period - Stopped by Pekka Rinne with a rebound.
2:22 of 2nd period - Shot by Zach Hyman.
2:22 of 2nd period - Shot Misses the Net.
2:24 of 2nd period - Shot by Zach Hyman.
2:24 of 2nd period - Stopped by Pekka Rinne without a rebound.
2:25 of 2nd period - Nick Bonino wins face-off versus Casey Mittelstadt in Capitals zone.
2:36 of 2nd period - Shot by Bobby Ryan.
2:36 of 2nd period - Stopped by Andrei Vasilevskiy without a rebound.
2:37 of 2nd period - Connor McDavid wins face-off versus David Kampf in Rangers zone.
2:41 of 2nd period - Icing by Alexander Radulov.
2:42 of 2nd period - Connor McDavid wins face-off versus Wayne Simmonds in Rangers zone.
2:57 of 2nd period - Shot by Connor McDavid.
2:57 of 2nd period - Stopped by Pekka Rinne without a rebound.
2:58 of 2nd period - Vincent Trocheck wins face-off versus Mikael Granlund in Capitals zone.
2:58 of 2nd period - Andrew Ladd is hit by Riley Stillman and loses puck.
3:21 of 2nd period - Kris Russell is hit by Andrew Ladd and loses puck.
3:27 of 2nd period - Mikael Granlund is hit by Andrew Ladd and loses puck.
3:45 of 2nd period - Icing by Reilly Smith.
3:46 of 2nd period - Connor McDavid wins face-off versus Mikael Granlund in Capitals zone.
3:46 of 2nd period - Matt Niskanen is hit by Riley Stillman and loses puck.
4:04 of 2nd period - Off-side.
4:05 of 2nd period - David Kampf wins face-off versus Nick Bonino in neutral zone.
4:10 of 2nd period - Icing by Erik Cernak.
4:11 of 2nd period - David Kampf wins face-off versus Nick Bonino in Rangers zone.
5:00 of 2nd period - Wayne Simmonds is hit by Connor McDavid and loses puck.
5:25 of 2nd period - Zach Hyman is hit by Bobby Ryan and loses puck.
5:36 of 2nd period - Shot by Chandler Stephenson.
5:36 of 2nd period - Stopped by Andrei Vasilevskiy without a rebound.
5:37 of 2nd period - Mikael Granlund wins face-off versus Vincent Trocheck in Rangers zone.
5:44 of 2nd period - Shot by Mikael Granlund.
5:44 of 2nd period - Deflect By Reilly Smith.
5:44 of 2nd period - Shot Misses the Net.
5:53 of 2nd period - Minor Penalty to Andrew Ladd for High sticking.
5:54 of 2nd period - Mikael Granlund wins face-off versus Nick Bonino in Rangers zone.
6:15 of 2nd period - Shot by Reilly Smith.
6:15 of 2nd period - Stopped by Andrei Vasilevskiy without a rebound.
6:16 of 2nd period - Cal Clutterbuck wins face-off versus David Kampf in Rangers zone.
7:16 of 2nd period - Shot by Kris Russell.
7:16 of 2nd period - Stopped by Andrei Vasilevskiy without a rebound.
7:17 of 2nd period - Mikael Granlund wins face-off versus Nick Bonino in Rangers zone.
7:20 of 2nd period - Shot by Michael Del Zotto.
7:20 of 2nd period - Shot Misses the Net.
7:29 of 2nd period - Mikael Granlund is hit by Ryan McDonagh and loses puck.
7:42 of 2nd period - Shot by Michael Del Zotto.
7:42 of 2nd period - Stopped by Andrei Vasilevskiy without a rebound.
7:43 of 2nd period - Vincent Trocheck wins face-off versus David Kampf in Rangers zone.
7:52 of 2nd period - Shot by Wayne Simmonds.
7:52 of 2nd period - Stopped by Andrei Vasilevskiy without a rebound.
7:53 of 2nd period - Casey Mittelstadt wins face-off versus Connor McDavid in Rangers zone.
8:13 of 2nd period - Shot by Zach Hyman.
8:13 of 2nd period - Goal by Zach Hyman - Rangers : 2 - Capitals : 1.
8:14 of 2nd period - David Kampf wins face-off versus Vincent Trocheck in neutral zone.
8:45 of 2nd period - Shot by Wayne Simmonds.
8:45 of 2nd period - Stopped by Andrei Vasilevskiy without a rebound.
8:46 of 2nd period - Connor McDavid wins face-off versus Mikael Granlund in Rangers zone.
9:05 of 2nd period - Shot by Connor McDavid.
9:05 of 2nd period - Shot Blocked by Brandon Montour.
9:07 of 2nd period - Shot by Ryan McDonagh.
9:07 of 2nd period - Shot Misses the Net.
9:09 of 2nd period - Shot by David Savard.
9:09 of 2nd period - Stopped by Pekka Rinne without a rebound.
9:10 of 2nd period - Casey Mittelstadt wins face-off versus Brandon Pirri in Capitals zone.
9:10 of 2nd period - Casey Mittelstadt is hit by Milan Lucic.
9:13 of 2nd period - Chandler Stephenson is hit by Milan Lucic and loses puck.
9:20 of 2nd period - Icing by Brandon Pirri.
9:21 of 2nd period - David Kampf wins face-off versus Brandon Pirri in Rangers zone.
9:22 of 2nd period - Shot by Kevin Labanc.
9:22 of 2nd period - Stopped by Andrei Vasilevskiy with a rebound.
10:31 of 2nd period - Shot by Reilly Smith.
10:31 of 2nd period - Stopped by Andrei Vasilevskiy without a rebound.
10:32 of 2nd period - Casey Mittelstadt wins face-off versus Connor McDavid in Rangers zone.
10:33 of 2nd period - Shot by Chandler Stephenson.
10:33 of 2nd period - Shot Misses the Net.
10:39 of 2nd period - Shot by Bobby Ryan.
10:39 of 2nd period - Shot Misses the Net.
10:45 of 2nd period - Shot by Casey Mittelstadt.
10:45 of 2nd period - Stopped by Andrei Vasilevskiy without a rebound.
10:46 of 2nd period - Vincent Trocheck wins face-off versus Mikael Granlund in Rangers zone.
10:46 of 2nd period - David Savard is hit by Jason Dickinson and loses puck.
11:04 of 2nd period - Shot by Cam Atkinson.
11:04 of 2nd period - Shot Misses the Net.
11:06 of 2nd period - Shot by Andrew Ladd.
11:06 of 2nd period - Shot Blocked by Brett Kulak.
11:08 of 2nd period - Shot by Ryan McDonagh.
11:08 of 2nd period - Shot Misses the Net.
11:33 of 2nd period - Icing by Brett Kulak.
11:34 of 2nd period - Connor McDavid wins face-off versus Mikael Granlund in Capitals zone.
11:43 of 2nd period - Connor McDavid is hit by Brett Kulak and loses puck.
11:50 of 2nd period - Shot by Connor McDavid.
11:50 of 2nd period - Shot Misses the Net.
12:51 of 2nd period - Shot by David Kampf.
12:51 of 2nd period - Stopped by Andrei Vasilevskiy without a rebound.
12:52 of 2nd period - Vincent Trocheck wins face-off versus Casey Mittelstadt in Rangers zone.
12:52 of 2nd period - Vincent Trocheck is hit by Bobby Ryan.
13:06 of 2nd period - Shot by Vincent Trocheck.
13:06 of 2nd period - Stopped by Pekka Rinne with a rebound.
13:08 of 2nd period - Shot by Andrew Ladd.
13:08 of 2nd period - Stopped by Pekka Rinne without a rebound.
13:09 of 2nd period - Brandon Pirri wins face-off versus Wayne Simmonds in Capitals zone.
13:09 of 2nd period - Brandon Pirri is hit by Michael Del Zotto.
13:31 of 2nd period - Shot by Brandon Montour.
13:31 of 2nd period - Stopped by Andrei Vasilevskiy without a rebound.
13:32 of 2nd period - Connor McDavid wins face-off versus Casey Mittelstadt in Rangers zone.
13:36 of 2nd period - Off-side.
13:37 of 2nd period - Connor McDavid wins face-off versus Chandler Stephenson in neutral zone.
13:42 of 2nd period - Shot by Zach Hyman.
13:42 of 2nd period - Stopped by Pekka Rinne with a rebound.
14:04 of 2nd period - Icing by Riley Stillman.
14:05 of 2nd period - Casey Mittelstadt wins face-off versus Vincent Trocheck in Capitals zone.
14:05 of 2nd period - Casey Mittelstadt is hit by Vincent Trocheck.
14:18 of 2nd period - Bobby Ryan is hit by Matt Niskanen and loses puck.
14:37 of 2nd period - Icing by Nick Leddy.
14:38 of 2nd period - Mikael Granlund wins face-off versus Vincent Trocheck in Rangers zone.
14:40 of 2nd period - Reilly Smith is hit by Nick Leddy and loses puck.
14:54 of 2nd period - Jason Dickinson is hit by Matt Niskanen and loses puck.
15:42 of 2nd period - Reilly Smith is hit by Connor McDavid and loses puck.
16:16 of 2nd period - Icing by David Kampf.
16:17 of 2nd period - Nick Bonino wins face-off versus David Kampf in Capitals zone.
16:54 of 2nd period - Shot by Dmitry Kulikov.
16:54 of 2nd period - Stopped by Pekka Rinne without a rebound.
16:55 of 2nd period - Casey Mittelstadt wins face-off versus Brandon Pirri in Capitals zone.
16:59 of 2nd period - Off-side.
17:00 of 2nd period - Casey Mittelstadt wins face-off versus Brandon Pirri in neutral zone.
17:28 of 2nd period - Shot by Milan Lucic.
17:28 of 2nd period - Stopped by Pekka Rinne with a rebound.
17:30 of 2nd period - Shot by Devin Shore.
17:30 of 2nd period - Stopped by Pekka Rinne with a rebound.
17:46 of 2nd period - Nick Leddy is hit by Bobby Ryan and loses puck.
18:07 of 2nd period - Shot by Reilly Smith.
18:07 of 2nd period - Stopped by Andrei Vasilevskiy with a rebound.
18:12 of 2nd period - Matt Niskanen is hit by Josh Anderson and loses puck.
18:55 of 2nd period - Icing by Cam Atkinson.
18:56 of 2nd period - Vincent Trocheck wins face-off versus David Kampf in Rangers zone.
18:56 of 2nd period - Dmitry Kulikov is hit by Wayne Simmonds and loses puck.
19:03 of 2nd period - Shot by David Kampf.
19:03 of 2nd period - Stopped by Andrei Vasilevskiy without a rebound.
19:04 of 2nd period - David Kampf wins face-off versus Nick Bonino in Rangers zone.
19:13 of 2nd period - Shot by Kevin Labanc.
19:13 of 2nd period - Shot Misses the Net.
19:39 of 2nd period - Shot by Noel Acciari.
19:39 of 2nd period - Stopped by Pekka Rinne without a rebound.
19:40 of 2nd period - Andrew Ladd wins face-off versus Casey Mittelstadt in Capitals zone.
19:57 of 2nd period - Shot by Cam Atkinson.
19:57 of 2nd period - Shot Misses the Net.
19:59 of 2nd period - Shot by Cam Atkinson.
19:59 of 2nd period - Stopped by Pekka Rinne without a rebound.
Goals for this period are 1 for Rangers vs 0 for Capitals.
Shots for this period are 14 for Rangers vs 15 for Capitals.

3rd period


0:01 of 3rd period - Mikael Granlund wins face-off versus Connor McDavid in neutral zone.
0:07 of 3rd period - Jason Dickinson is hit by Matt Niskanen and loses puck.
0:27 of 3rd period - Shot by Connor McDavid.
0:27 of 3rd period - Stopped by Pekka Rinne without a rebound.
0:28 of 3rd period - David Kampf wins face-off versus Vincent Trocheck in Capitals zone.
0:55 of 3rd period - Shot by Cam Atkinson.
0:55 of 3rd period - Stopped by Pekka Rinne with a rebound.
0:57 of 3rd period - Shot by Andrew Ladd.
0:57 of 3rd period - Stopped by Pekka Rinne without a rebound.
0:58 of 3rd period - Mikael Granlund wins face-off versus Connor McDavid in Capitals zone.
1:51 of 3rd period - Shot by Chandler Stephenson.
1:51 of 3rd period - Deflect By Bobby Ryan.
1:51 of 3rd period - Shot Misses the Net.
2:09 of 3rd period - Shot by Chandler Stephenson.
2:09 of 3rd period - Shot Misses the Net.
2:12 of 3rd period - Chandler Stephenson is hit by David Savard and loses puck.
2:26 of 3rd period - Minor Penalty to Andrew Ladd for High sticking.
2:27 of 3rd period - Nick Bonino wins face-off versus David Kampf in Rangers zone.
2:27 of 3rd period - Nick Bonino is hit by Kevin Labanc.
2:45 of 3rd period - Shot by Wayne Simmonds.
2:45 of 3rd period - Shot Misses the Net.
2:47 of 3rd period - Shot by Kris Russell.
2:47 of 3rd period - Stopped by Andrei Vasilevskiy without a rebound.
2:48 of 3rd period - Nick Bonino wins face-off versus Mikael Granlund in Rangers zone.
2:48 of 3rd period - Nick Bonino is hit by Jason Dickinson.
3:01 of 3rd period - Icing by Jason Dickinson.
3:02 of 3rd period - Mikael Granlund wins face-off versus Vincent Trocheck in Capitals zone.
3:30 of 3rd period - Shot by Noel Acciari.
3:30 of 3rd period - Stopped by Pekka Rinne without a rebound.
3:31 of 3rd period - Vincent Trocheck wins face-off versus David Kampf in Capitals zone.
4:01 of 3rd period - Shot by Riley Stillman.
4:01 of 3rd period - Stopped by Andrei Vasilevskiy with a rebound.
4:03 of 3rd period - Shot by David Kampf.
4:03 of 3rd period - Shot Misses the Net.
4:24 of 3rd period - Icing by Jason Dickinson.
4:25 of 3rd period - Nick Bonino wins face-off versus Mikael Granlund in Capitals zone.
4:34 of 3rd period - Shot by Connor McDavid.
4:34 of 3rd period - Stopped by Pekka Rinne without a rebound.
4:35 of 3rd period - Connor McDavid wins face-off versus Vinnie Hinostroza in Capitals zone.
4:58 of 3rd period - Shot by Zach Hyman.
4:58 of 3rd period - Shot Hit the Post.
5:10 of 3rd period - Icing by Brandon Montour.
5:11 of 3rd period - Brandon Pirri wins face-off versus Vinnie Hinostroza in Capitals zone.
5:18 of 3rd period - Shot by Milan Lucic.
5:18 of 3rd period - Stopped by Pekka Rinne with a rebound.
5:37 of 3rd period - Kris Russell is hit by Dmitry Kulikov and loses puck.
6:07 of 3rd period - Wayne Simmonds is hit by Erik Cernak and loses puck.
6:38 of 3rd period - Bobby Ryan is hit by Matt Niskanen and loses puck.
6:50 of 3rd period - Casey Mittelstadt is hit by Matt Niskanen and loses puck.
6:59 of 3rd period - Brett Kulak is hit by Alexander Radulov and loses puck.
7:30 of 3rd period - Shot by Jason Dickinson.
7:30 of 3rd period - Shot Blocked by David Savard.
7:38 of 3rd period - Shot by Cam Atkinson.
7:38 of 3rd period - Shot Misses the Net.
7:40 of 3rd period - Shot by Cam Atkinson.
7:40 of 3rd period - Stopped by Pekka Rinne with a rebound.
7:44 of 3rd period - Shot by Vincent Trocheck.
7:44 of 3rd period - Shot Misses the Net.
7:46 of 3rd period - Shot by David Savard.
7:46 of 3rd period - Stopped by Pekka Rinne without a rebound.
7:47 of 3rd period - Nick Bonino wins face-off versus David Kampf in Capitals zone.
7:58 of 3rd period - Shot by Cal Clutterbuck.
7:58 of 3rd period - Stopped by Pekka Rinne with a rebound.
8:00 of 3rd period - Shot by Noel Acciari.
8:00 of 3rd period - Stopped by Pekka Rinne with a rebound.
8:02 of 3rd period - Shot by Nick Bonino.
8:02 of 3rd period - Shot Misses the Net.
8:04 of 3rd period - Shot by Nick Bonino.
8:04 of 3rd period - Shot Blocked by Kris Russell.
9:18 of 3rd period - Shot by Connor McDavid.
9:18 of 3rd period - Shot Misses the Net.
9:49 of 3rd period - Icing by Nick Leddy.
9:50 of 3rd period - Casey Mittelstadt wins face-off versus Connor McDavid in Rangers zone.
10:01 of 3rd period - Shot by Chandler Stephenson.
10:01 of 3rd period - Stopped by Andrei Vasilevskiy with a rebound.
10:25 of 3rd period - Shot by Chandler Stephenson.
10:25 of 3rd period - Stopped by Andrei Vasilevskiy without a rebound.
10:26 of 3rd period - Vincent Trocheck wins face-off versus David Kampf in Rangers zone.
10:44 of 3rd period - Shot by David Kampf.
10:44 of 3rd period - Shot Blocked by Erik Cernak.
10:46 of 3rd period - Shot by David Kampf.
10:46 of 3rd period - Shot Misses the Net.
10:48 of 3rd period - Shot by David Kampf.
10:48 of 3rd period - Stopped by Andrei Vasilevskiy without a rebound.
10:49 of 3rd period - Nick Bonino wins face-off versus Mikael Granlund in Rangers zone.
11:12 of 3rd period - Shot by Ryan McDonagh.
11:12 of 3rd period - Stopped by Pekka Rinne without a rebound.
11:13 of 3rd period - David Kampf wins face-off versus Vincent Trocheck in Capitals zone.
11:30 of 3rd period - Shot by Vincent Trocheck.
11:30 of 3rd period - Stopped by Pekka Rinne with a rebound.
11:48 of 3rd period - Shot by Wayne Simmonds.
11:48 of 3rd period - Stopped by Andrei Vasilevskiy without a rebound.
11:49 of 3rd period - Casey Mittelstadt wins face-off versus Connor McDavid in Rangers zone.
12:48 of 3rd period - Ryan McDonagh is hit by Michael Del Zotto and loses puck.
13:01 of 3rd period - Shot by Noel Acciari.
13:01 of 3rd period - Shot Misses the Net.
13:03 of 3rd period - Shot by David Savard.
13:03 of 3rd period - Shot Misses the Net.
13:05 of 3rd period - Shot by Noel Acciari.
13:05 of 3rd period - Shot Misses the Net.
13:07 of 3rd period - Shot by Nick Bonino.
13:07 of 3rd period - Shot Blocked by Michael Del Zotto.
13:09 of 3rd period - Shot by Noel Acciari.
13:09 of 3rd period - Stopped by Pekka Rinne with a rebound.
13:11 of 3rd period - Shot by Noel Acciari.
13:11 of 3rd period - Shot Misses the Net.
13:13 of 3rd period - Shot by Noel Acciari.
13:13 of 3rd period - Shot Misses the Net.
13:15 of 3rd period - Shot by Ryan McDonagh.
13:15 of 3rd period - Stopped by Pekka Rinne with a rebound.
13:22 of 3rd period - Icing by Michael Del Zotto.
13:23 of 3rd period - Vincent Trocheck wins face-off versus Casey Mittelstadt in Capitals zone.
13:23 of 3rd period - Cam Atkinson is hit by Michael Del Zotto and loses puck.
13:30 of 3rd period - Shot by Vincent Trocheck.
13:30 of 3rd period - Shot Blocked by Michael Del Zotto.
13:32 of 3rd period - Shot by Dmitry Kulikov.
13:32 of 3rd period - Stopped by Pekka Rinne without a rebound.
13:33 of 3rd period - Reilly Smith wins face-off versus Brandon Pirri in Capitals zone.
13:42 of 3rd period - Shot by Mikael Granlund.
13:42 of 3rd period - Deflect By Jason Dickinson.
13:42 of 3rd period - Goal by Jason Dickinson - Rangers : 2 - Capitals : 2.
13:43 of 3rd period - Connor McDavid wins face-off versus David Kampf in neutral zone.
13:50 of 3rd period - Shot by Alexander Radulov.
13:50 of 3rd period - Shot Misses the Net.
13:52 of 3rd period - Shot by Erik Cernak.
13:52 of 3rd period - Shot Misses the Net.
14:13 of 3rd period - Icing by Erik Cernak.
14:14 of 3rd period - Connor McDavid wins face-off versus Reilly Smith in Rangers zone.
14:21 of 3rd period - Jason Dickinson is hit by Alexander Radulov and loses puck.
14:41 of 3rd period - Off-side.
14:42 of 3rd period - Andrew Ladd wins face-off versus David Kampf in neutral zone.
15:04 of 3rd period - David Kampf is hit by Vincent Trocheck.
15:51 of 3rd period - Minor Penalty to Jason Dickinson for Slashing.
15:52 of 3rd period - Connor McDavid wins face-off versus Reilly Smith in Capitals zone.
17:14 of 3rd period - Icing by Ryan McDonagh.
17:15 of 3rd period - Connor McDavid wins face-off versus Reilly Smith in Rangers zone.
17:15 of 3rd period - Connor McDavid is hit by Reilly Smith.
17:44 of 3rd period - Off-side.
17:45 of 3rd period - David Kampf wins face-off versus Vincent Trocheck in neutral zone.
18:03 of 3rd period - Minor Penalty to Brennan Menell for Roughing.
18:04 of 3rd period - Reilly Smith wins face-off versus Vincent Trocheck in Capitals zone.
19:04 of 3rd period - Shot by Cam Atkinson.
19:04 of 3rd period - Shot Blocked by Michael Del Zotto.
19:17 of 3rd period - Shot by Ryan McDonagh.
19:17 of 3rd period - Stopped by Pekka Rinne without a rebound.
19:18 of 3rd period - Connor McDavid wins face-off versus Jason Dickinson in Capitals zone.
19:31 of 3rd period - Shot by Cal Clutterbuck.
19:31 of 3rd period - Stopped by Pekka Rinne without a rebound.
19:32 of 3rd period - Vincent Trocheck wins face-off versus Reilly Smith in Capitals zone.
Goals for this period are 0 for Rangers vs 1 for Capitals.
Shots for this period are 17 for Rangers vs 7 for Capitals.

Overtime #1


0:01 of 1st overtime period - Connor McDavid wins face-off versus Reilly Smith in neutral zone.
0:24 of 1st overtime period - Shot by Connor McDavid.
0:24 of 1st overtime period - Stopped by Pekka Rinne with a rebound.
1:18 of 1st overtime period - Shot by Wayne Simmonds.
1:18 of 1st overtime period - Stopped by Andrei Vasilevskiy without a rebound.
1:19 of 1st overtime period - David Kampf wins face-off versus Vincent Trocheck in Rangers zone.
1:26 of 1st overtime period - Shot by David Kampf.
1:26 of 1st overtime period - Stopped by Andrei Vasilevskiy without a rebound.
1:27 of 1st overtime period - Vincent Trocheck wins face-off versus Mikael Granlund in Rangers zone.
1:38 of 1st overtime period - Shot by Mikael Granlund.
1:38 of 1st overtime period - Shot Blocked by Cam Atkinson.
2:22 of 1st overtime period - Icing by Jason Dickinson.
2:23 of 1st overtime period - Nick Bonino wins face-off versus Jason Dickinson in Capitals zone.
2:54 of 1st overtime period - Shot by Michael Del Zotto.
2:54 of 1st overtime period - Stopped by Andrei Vasilevskiy with a rebound.
4:16 of 1st overtime period - Shot by Cam Atkinson.
4:16 of 1st overtime period - Deflect By Zach Hyman.
4:16 of 1st overtime period - Goal by Zach Hyman - Rangers : 3 - Capitals : 2.
Goals for this period are 1 for Rangers vs 0 for Capitals.
Shots for this period are 2 for Rangers vs 3 for Capitals.